 Dungeon Crawl Stone Soup version 0.23.2 (webtiles) character file.

Game seed: 17717633886708919642

77 CedricTheThird the Chopper (level 4, -1/35 (38) HPs)
             Began as a Ghoul Fighter on Apr 11, 2019.
             Slain by Sigmund
             ... wielding a +0 scythe
              (9 damage)
             ... on level 2 of the Dungeon.
             The game lasted 00:02:03 (1357 turns).

CedricTheThird the Chopper (Ghoul Fighter)          Turns: 1357, Time: 00:02:04

HP:   -1/35 (38)    AC:  7    Str: 25    XL:     4   Next: 33%
MP:   3/3           EV:  7    Int:  3    God:
Gold: 98            SH:  0    Dex:  8    Spells: 3/3 levels left

rFire    . . .     SeeInvis .   a - +0 war axe
rCold    + . .     Gourm    .   c - +0 shield
rNeg     + + +     Faith    .   b - +0 scale mail
rPois    ∞         Spirit   .   (no helmet)
rElec    .         Reflect  .   o - +0 cloak
rCorr    .         Harm     .   (no gloves)
MR       .....                  (no boots)
Stlth    ..........             (no amulet)
HPRegen  0.00/turn              (no ring)
MPRegen  0.08/turn              (no ring)

@: confused, mighty, rotting
A: rotting body, claws 1, carnivore, cold resistance 1, negative energy
resistance 3, inhibited regeneration, torment resistance, unbreathing
a: no special abilities


You were on level 2 of the Dungeon.
You were hungry.

You visited 1 branch of the dungeon, and saw 2 of its levels.

You collected 98 gold pieces.

Inventory:

Hand Weapons
 a - a +0 war axe (weapon)
Armour
 b - a +0 scale mail (worn)
 c - a +0 shield (worn)
 o - a +0 cloak (worn)
Jewellery
 g - a +1 ring of protection {unknown}
 h - an uncursed amulet of magic regeneration {unknown}
Scrolls
 e - a scroll of teleportation {unknown}
 i - 3 scrolls of identify {unknown}
 j - a scroll of fear {unknown}
 k - a scroll of enchant armour {unknown}
 n - 2 scrolls of magic mapping {unknown}
Potions
 d - a potion of might
 l - 2 potions of curing {unknown}
 m - 3 potions of heal wounds {unknown}
 p - 2 potions of flight {unknown}
Comestibles
 f - 3 rations


   Skills:
 - Level 3.2 Fighting
 + Level 4.0 Axes
 - Level 2.6 Armour
 - Level 2.6 Shields


You had 3 spell levels left.
You didn't know any spells.
Your spell library was empty.

Dungeon Overview and Level Annotations

Branches:
Dungeon (2/15)

Altars:
Elyvilon
Ru

Annotations:
D:2 Sigmund


Innate Abilities, Weirdness & Mutations

Your body is rotting away.
You thrive on raw meat.
You are immune to poison.
You have sharp fingernails.
You are carnivorous and can eat meat at any time.
Your flesh is cold resistant. (rC+)
You are immune to negative energy. (rN+++)
You do not regenerate when monsters are visible.
You are immune to unholy pain and torment.
You can survive without breathing.


Message History

You see here a stone.
You closely miss Sigmund. Sigmund hits you with a +0 scythe.
The kobold throws a stone.
The stone hits you but does no damage.
You closely miss Sigmund. Sigmund casts a spell at you.
You are confused.
The kobold throws a stone.
The stone hits you but does no damage.
You miss Sigmund.
Sigmund mumbles some strange words.
Sigmund flickers and vanishes!
Deactivating autopickup; reactivate with Ctrl-A.
The kobold throws a stone.
The stone hits you but does no damage. Something hits you but does no damage.
You miss something. Something hits you!
* * * LOW HITPOINT WARNING * * *
The kobold hits you with a cursed -3 dagger.
* * * LOW HITPOINT WARNING * * *
A rat comes into view.
Something hits you!
You die...

#.# ...... #.#
#.... ###### #.#
#.##.### .# #.#
#....[.##.# ..#
###.. ...##.# ..#
...# #..##.# #
##.###..##.#
####.#...##..##.#
#......@.(....#.#
#...##K.(#.##...# r
##{##.####.# #b...#
#.# ..#### #<# ...#
#.# .#..# #.###
#...##
####...###### #
#######......#....[


You could see a bat, a kobold and a rat.

Vanquished Creatures
  An orc wizard (D:2)
  2 oozes (D:2)
  2 dart slugs
  2 giant cockroaches
  4 goblins
  4 hobgoblins
  3 jackals (D:1)
  A quokka (D:2)
  7 bats
  3 frilled lizards
  7 kobolds
  6 rats
42 creatures vanquished.

Notes
Turn   | Place    | Note
-------+----------+-------------------------------------------
     0 | D:1      | CedricTheThird the Ghoul Fighter began the quest for the
                  | Orb.
     0 | D:1      | Reached XP level 1. HP: 19/19 MP: 0/0
    41 | D:1      | Reached skill level 2 in Axes
   450 | D:1      | Reached XP level 2. HP: 21/26 MP: 1/1
   575 | D:1      | Reached skill level 3 in Axes
   855 | D:2      | Reached XP level 3. HP: 28/28 MP: 2/2
  1112 | D:2      | Found a sacrificial altar of Ru.
  1120 | D:2      | Reached XP level 4. HP: 35/35 MP: 3/3
  1129 | D:2      | Reached skill level 4 in Axes
  1339 | D:2      | Found a white marble altar of Elyvilon.
  1349 | D:2      | Noticed Sigmund
  1357 | D:2      | Slain by Sigmund

Skill      XL: |  1  2  3  4 |
---------------+-------------+-----
Axes           | 2 3 4 |  4.0
Fighting       | |  3.2
Armour         | |  2.6
Shields        | |  2.6

Action                   |  1- 3 |  4- 6 || total
-------------------------+-------+-------++-------
Melee: War axe           |   105 |    18 ||   123
  Use: Potion            |       |     1 ||     1
  Eat: Chunk             |       |     1 ||     1
Armor: Scale mail        |    76 |    11 ||    87
Dodge: Dodged            |    58 |     3 ||    61
Block: Shield            |    67 |    12 ||    79
